 Dungeon Crawl Stone Soup version 0.30.0-20-g3615ddf2f0 (webtiles) character file.

Game seed: 7869119319704221988

411 qw the Chopper (level 6, -4/38 HPs)
             Began as a Gargoyle Fighter on May 29, 2023.
             Killed by divine providence
             ... invoked by an orc priest
              (15 damage)
             ... on level 4 of the Dungeon.
             The game lasted 00:01:36 (3017 turns).

qw the Chopper (Gargoyle Fighter)                   Turns: 3017, Time: 00:01:36

Health: -4/38      AC: 12    Str: 21    XL:     6   Next: 90%
Magic:  6/6        EV: 14    Int:  9    God:
Gold:   118        SH:  4    Dex:  9    Spells: 5/5 levels left

rFire   + . .        Y - +0 war axe (freeze)
rCold   + . .        c - +0 buckler
rNeg    + . .        b - +0 scale mail
rPois   inf          n - +0 helmet
rElec   +            k - scarf {rC+ rF+}
rCorr   .            (no gloves)
SInv    .            (no boots)
Will    .....        (no amulet)
Stlth   +            o - ring of the Bull {EV+5 Stlth+}
HPRegen 0.26/turn    (no ring)
MPRegen 0.10/turn

%: no passive effects
@: no status effects
A: sickness immunity, AC +4, negative energy resistance 1, electricity
resistance, torment resistance 1, petrification resistance
a: no special abilities


You were on level 4 of the Dungeon.
You visited 2 branches of the dungeon, and saw 5 of its levels.

You collected 160 gold pieces.
You spent 42 gold pieces at shops.


Innate Abilities, Weirdness & Mutations

You are immune to sickness and miasma.
Your stone body is resilient. (AC +4)
You are immune to poison.
You resist negative energy. (rN+)
You are resistant to electric shocks. (rElec)
You are resistant to unholy torment.
You are immune to petrification.


   Skills:
 - Level 4.0 Fighting
 + Level 6.0 Axes
 - Level 3.2 Armour
 - Level 1.0 Dodging
 - Level 3.2 Shields


You had 5 spell levels left.
You didn't know any spells.
Your spell library was empty.

Inventory:

Hand Weapons
 m - a +2 morningstar of protection
 Y - a +0 war axe of freezing (weapon)
Armour
 b - a +0 scale mail (worn)
 c - a +0 buckler (worn)
 k - a scarf of resistance (worn)
 l - a +0 cloak
 n - a +0 helmet (worn)
Jewellery
 i - a ring of ice
 o - the ring of the Bull (left hand) {EV+5 Stlth+}
   (You took it off a hobgoblin on level 2 of the Dungeon)

   [ring of evasion]

   EV:        It affects your evasion (+5).
   Stlth:     It makes you more stealthy.
Scrolls
 j - a scroll of identify
Potions
 d - a potion of might
 e - 2 potions of mutation
 f - a potion of attraction
 h - 2 potions of haste
 p - a potion of curing

Dungeon Overview and Level Annotations

Branches:
Dungeon (4/15)             Temple (1/1) D:4

Altars:
Ashenzari
Cheibriados
Dithmenos
Elyvilon
Fedhas
Gozag
Hepliaklqana
Nemelex Xobeh
Qazlal
Ru
Sif Muna
Trog
Uskayaw
Vehumet
Wu Jian
Xom
The Shining One

Shops:
D:1 :   D:2 !


Message History

The hound completely misses you.
You closely miss the orc priest. You barely miss the hound.
The orc priest barely misses you. The hound closely misses you.
The orc priest hits you but does no damage.
The hound bites you but does no damage.
You hit the orc priest. You freeze the orc priest.
The orc priest is moderately wounded.
You slash the orc! You freeze the orc.
You kill the orc!
You barely miss the hound. The hound barely misses you.
The orc priest mumbles some strange prayers to Beogh against you.
Beogh smites you!
You closely miss the orc priest.
The orc priest is moderately wounded.
You closely miss the hound.
The hound bites you but does no damage. x2
You closely miss the hound. You hit the orc. You freeze the orc.
You kill the orc!
The hound bites you but does no damage. You block the hound's attack.
You slash the orc priest! You freeze the orc priest.
The orc priest is almost dead.
You hit the hound. You freeze the hound. The hound barely misses you.
The orc priest hits you with a +0 dagger.
You block the hound's attack.
The orc priest mumbles some strange prayers to Beogh against you.
Beogh smites you!
You barely miss the orc priest.
The orc priest is almost dead.
You completely miss the hound. The hound barely misses you.
You block the hound's attack.
The orc priest hits you but does no damage.
You barely miss the orc priest.
The orc priest is almost dead.
You slash the hound! You freeze the hound.
The hound bites you but does no damage.
The orc priest invokes the aid of Beogh against you.
Beogh smites you!
You die...

.....####?...##...##.####
..... ####%............
.##. #....>........ #
####........)....
.....##...##...!.
#.##..##...##.....
##.............
##.)#....?....
#.o@.....!...
#.h###....... ....#
######. ...... .....
..... .... .##.


You could see a hound and an orc priest.

Vanquished Creatures
  Sigmund (D:2)
  2 hounds (D:4)
  Natasha (thrice) (D:2)
  Robin (D:2)
  3 adders
  2 orcs (D:4)
  3 bats (D:2)
  7 endoplasms
  2 giant cockroaches
  13 goblins
  11 hobgoblins
  5 kobolds
  A quokka (D:1)
  5 ball pythons
  3 frilled lizards
  7 rats
69 creatures vanquished.

Notes
Turn   | Place    | Note
-------+----------+-------------------------------------------
     0 | D:1      | qw the Gargoyle Fighter began the quest for the Orb.
     0 | D:1      | Reached XP level 1. HP: 14/14 MP: 1/1
     0 | D:1      | 0 ||| qw: Version: 0.2-a-101-gf424e7f
     0 | D:1      | 0 ||| qw: Game counter: 314
     0 | D:1      | 0 ||| qw: Always use a shield: true
     0 | D:1      | 0 ||| qw: God list: Okawaru
     0 | D:1      | 0 ||| qw: Allow faded altars: false
     0 | D:1      | 0 ||| qw: Do Orc after D:15 true
     0 | D:1      | 0 ||| qw: Do second Lair branch before Depths: true
     0 | D:1      | 0 ||| qw: Lair rune preference: random
     0 | D:1      | 0 ||| qw: Plans: Normal, Zot:1-4, Slime:5, God:TSO, Crypt,
                  | Tomb, Pan, Hells, Abyss, Win
     0 | D:1      | 0 ||| PLANNING D:1-11
    40 | D:1      | Reached skill level 2 in Axes
    80 | D:1      | Reached XP level 2. HP: 19/19 MP: 2/2
   249 | D:1      | Found Anwyne's Book Boutique.
   314 | D:1      | 314 ||| DROPPING +0 club.
   890 | D:1      | 890 ||| UPGRADING to scarf of resistance.
   895 | D:1      | 895 ||| READING 3 scrolls labelled ZAYJIVEWYH.
   896 | D:1      | 896 ||| READING scroll labelled IQOIME BIASME.
   897 | D:1      | 897 ||| READING scroll labelled KOITURAJUR.
   898 | D:1      | 898 ||| READING scroll labelled OSOUKOEL LUSTRON.
   899 | D:1      | 899 ||| DRINKING 2 fizzy grey potions.
   900 | D:1      | 900 ||| DROPPING 2 scrolls of immolation.
   968 | D:2      | Reached skill level 3 in Axes
   985 | D:2      | Reached XP level 3. HP: 23/23 MP: 3/3
  1020 | D:2      | Found Baligot's Distillery.
  1025 | D:2      | 1025 ||| BUYING potion of attraction (42 gold).
  1025 | D:2      | Bought a potion of attraction for 42 gold pieces
  1025 | D:2      | 1025 ||| SHOPLISTING potion of curing (42 gold, have 33).
  1025 | D:2      | 1025 ||| SHOPLISTING potion of lignification (42 gold, have
                  | 33).
  1079 | D:2      | Noticed Natasha
  1085 | D:2      | Killed Natasha
  1180 | D:2      | Noticed Robin
  1182 | D:2      | 1182 ||| Stepping ~*~*~tactically~*~*~ (hiding).
  1193 | D:2      | Reached XP level 4. HP: 25/28 MP: 4/4
  1199 | D:2      | Killed Robin
  1200 | D:2      | Reached skill level 4 in Axes
  1392 | D:2      | Identified the ring of the Bull {EV+5 Stlth+}
  1394 | D:2      | Noticed Natasha
  1401 | D:2      | Killed Natasha
  1759 | D:2      | Noticed Natasha
  1764 | D:2      | Killed Natasha
  1765 | D:2      | Reached XP level 5. HP: 32/32 MP: 5/5
  1765 | D:2      | 1765 ||| UPGRADING to +0 helmet.
  1770 | D:2      | 1770 ||| UPGRADING to ring of the Bull {EV+5 Stlth+}.
  1771 | D:2      | 1771 ||| READING scroll labelled ATAEDU ROUR.
  1772 | D:2      | 1772 ||| READING scroll labelled LAHAPNOAWO.
  1890 | D:2      | Noticed Sigmund
  1919 | D:2      | 1919 ||| READING scroll labelled ZEEDUV QODGH.
  1928 | D:2      | HP: 8/32 [Sigmund/+0 scythe (2)]
  1929 | D:2      | Killed Sigmund
  1930 | D:2      | Reached skill level 6 in Axes
  1930 | D:2      | Reached XP level 6. HP: 10/37 MP: 6/6
  2193 | D:3      | You fall into a shaft and drop 1 floor!
  2198 | D:4      | 2198 ||| Stepping ~*~*~tactically~*~*~ (hiding).
  2313 | D:4      | 2313 ||| READING 2 scrolls of identify.
  2313 | D:4      | 2313 ||| IDENTIFYING fizzy white potion
  2320 | D:4      | 2320 ||| STAIRDANCE
  2882 | D:3      | 2882 ||| DROPPING amulet of faith.
  2883 | D:3      | 2883 ||| READING scroll labelled LILIEBATHU.
  2884 | D:3      | 2884 ||| READING 3 scrolls of identify.
  2884 | D:3      | 2884 ||| IDENTIFYING fuming inky potion
  2885 | D:3      | 2885 ||| READING 2 scrolls of identify.
  2885 | D:3      | 2885 ||| IDENTIFYING metallic puce potion
  2886 | D:3      | 2886 ||| DROPPING potion of brilliance.
  2916 | D:4      | Found a staircase to the Ecumenical Temple.
  2917 | D:4      | 2917 ||| PLANNING TEMPLE
  2925 | D:4      | Reached skill level 1 in Dodging
  2961 | Temple   | Entered the Ecumenical Temple
  2961 | Temple   | Found a transporter.
  2961 | Temple   | Found a transporter.
  2963 | Temple   | Found a transporter.
  2963 | Temple   | Found a transporter.
  2973 | Temple   | 2973 ||| PLANNING D:1-11
  3017 | D:4      | Killed from afar by an orc priest

Levels and vault maps discovered:
D:1:      dpeg_arrival_boxorama, layout_basic, serial_shops, shop,
          serial_bayou_pond_c
D:2:      layout_basic, serial_shops, nicolae_shop_just_a_little_nook,
          chequers_jeans, uniq_robin, uniq_sigmund, uniq_natasha
D:3:      layout_basic, due_unseen_surprise
D:4:      layout_rooms, minmay_temple_entry_stoned_glass,
          uniq_crazy_yiuf_cottage
Temple:   hellmonk_temple_divided_pantheon

Skill      XL: |  1  2  3  4  5  6 |
---------------+-------------------+-----
Axes           | 2 3 4 6 |  6.0
Fighting       | 4 |  4.0
Dodging        | 1 |  1.0
Armour         | |  3.2
Shields        | |  3.2

Action                     |  1- 3 |  4- 6 || total
---------------------------+-------+-------++-------
  Melee: War axe           |    75 |    86 ||   161
    Use: Scroll            |     4 |     7 ||    11
         Potion            |     1 |       ||     1
 Armour: Scale mail        |    33 |    44 ||    77
  Dodge: Dodged            |    35 |    57 ||    92
  Block: Buckler           |    18 |    18 ||    36

Table legend:
 A = Non-vault XP
 B = Vault XP
 C = Vault XP percentage of total XP
 D = Non-vault monster count
 E = Vault monster count
 F = Vault count percentage of total count
                 A         B        C        D         E       F
            +---------+---------+-------+---------+---------+-------
      Total |     274 |     314 |  53.4 |      55 |      14 |  20.3
            +---------+---------+-------+---------+---------+-------
        D:1 |      29 |       0 |   0.0 |      18 |       0 |   0.0
        D:2 |      93 |     314 |  77.1 |      16 |      14 |  46.7
        D:3 |      33 |       0 |   0.0 |      12 |       0 |   0.0
        D:4 |     119 |       0 |   0.0 |       9 |       0 |   0.0
            +---------+---------+-------+---------+---------+-------
